 Dungeon Crawl Stone Soup version 0.21.1-1-g345015f (webtiles) character file.

65 tidbits the Insei (level 4, -7/51 HPs)
             Began as a Gnoll Transmuter on Feb 19, 2018.
             Killed by divine providence
             ... invoked by an orc priest
              (11 damage)
             ... on level 3 of the Dungeon.
             The game lasted 00:02:10 (194 turns).

tidbits the Insei (Gnoll Transmuter)                 Turns: 194, Time: 00:02:11

Health: -7/51      AC: 22    Str: 13    XL:     4   Next: 14%
Magic:  1/11       EV:  2    Int: 16    God:
Gold:   22         SH:  0    Dex: 15    Spells: 10/13 levels left

rFire    . . .     SeeInvis .     - Unarmed
rCold    . . .     Gourm    .   (no shield)
rNeg     + + +     Faith    .   (armour currently unavailable)
rPois    +         Spirit   .   (helmet currently unavailable)
rElec    .         Reflect  .   (cloak currently unavailable)
rCorr    .         Harm     .   (gloves currently unavailable)
MR       .....     NoTele   +   (boots currently unavailable)
Stlth    ++........             (no amulet)
HPRegen  0.17/turn              (no ring)
MPRegen  0.12/turn              (no ring)

@: tree-form
A: distributed training, strong nose
a: no special abilities


You were on level 3 of the Dungeon.
You were not hungry.
You were a tree.
You visited 1 branch of the dungeon, and saw 3 of its levels.

You collected 22 gold pieces.

Inventory:

Hand Weapons
 f - a +0 dagger
Missiles
 a - 8 arrows
 g - 6 tomahawks (quivered)
Armour
 b - a +0 robe (melded)
Scrolls
 e - 3 scrolls of identify {unknown}
Books
 c - a book of Changes

   Spells                             Type                      Level
   a - Beastly Appendage              Transmutation                1
   b - Sticks to Snakes               Transmutation                2
   c - Spider Form                    Transmutation/Poison         3
   d - Ice Form                       Ice/Transmutation            4
   e - Blade Hands                    Transmutation                5
Comestibles
 d - 2 rations


   Skills:
 + Level 2.7 Fighting
 + Level 1.0 Short Blades
 + Level 1.0 Long Blades
 + Level 1.0 Axes
 + Level 1.0 Maces & Flails
 + Level 1.0 Polearms
 + Level 1.0 Staves
 + Level 1.0 Slings
 + Level 1.0 Bows
 + Level 1.0 Crossbows
 + Level 1.0 Throwing
 + Level 1.0 Armour
 + Level 4.6 Dodging
 + Level 1.0 Stealth
 + Level 1.0 Shields
 + Level 6.5 Unarmed Combat
 + Level 5.0 Spellcasting
 + Level 0.7 Conjurations
 + Level 0.7 Hexes
 + Level 0.7 Charms
 + Level 0.7 Summonings
 + Level 0.7 Necromancy
 + Level 0.7 Translocations
 + Level 3.8 Transmutations
 + Level 0.7 Fire Magic
 + Level 0.7 Ice Magic
 + Level 0.7 Air Magic
 + Level 0.7 Earth Magic
 + Level 0.7 Poison Magic
 + Level 1.1 Invocations
 + Level 1.0 Evocations


You had 10 spell levels left.
You knew the following spells:

 Your Spells              Type           Power        Failure   Level  Hunger
e - Beastly Appendage     Tmut           ###...       3%          1    None
k - Sticks to Snakes      Tmut           ###.....     4%          2    #......


Dungeon Overview and Level Annotations

Branches:
Dungeon (3/15)

Altars:


Innate Abilities, Weirdness & Mutations

Your experience applies equally to all skills.
((You have very sharp teeth.))
Your uncanny sense of smell can sniff out nearby items.


Message History

Ijyb hits you with a club.
* * * LOW HITPOINT WARNING * * *
You can move again.
Unknown command.
It was a potion of lignification.
You turn into a tree.
Your +0 robe melds into your body.
Your roots penetrate the ground.
Ijyb hits you but does no damage.
The orc priest calls down the wrath of Beogh upon you.
Beogh smites you!
* * * LOW HITPOINT WARNING * * *
You aren't carrying any potions.
Unknown command.
Wield which item (- for none, * to show all)? (? for menu, Esc to quit)
You are already empty-handed.
Unknown command.
You hit Ijyb but do no damage. Ijyb hits you but does no damage.
You smack Ijyb!
Ijyb is heavily wounded.
Ijyb hits you but does no damage.
A worm comes into view.
You hit Ijyb.
Ijyb is severely wounded.
Ijyb zaps a wand.
You shrug off the repeated paralysis!
You smack Ijyb!
You kill Ijyb!
Your Short Blades skill increases to level 1!
Your Long Blades skill increases to level 1!
Your Axes skill increases to level 1!
Your Maces & Flails skill increases to level 1!
Your Polearms skill increases to level 1!
Your Staves skill increases to level 1!
Your Slings skill increases to level 1!
Your Bows skill increases to level 1!
Your Crossbows skill increases to level 1!
Your Throwing skill increases to level 1!
Your Armour skill increases to level 1!
Your Stealth skill increases to level 1!
Your Shields skill increases to level 1!
Your Invocations skill increases to level 1!
Your Evocations skill increases to level 1!
You smack the orc!
You kill the orc!
You have reached level 4!
You feel stronger.
You smack the goblin!
You kill the goblin!
You hit the worm.
The worm is moderately wounded.
The orc priest hits you from afar with a trident.
* * * LOW HITPOINT WARNING * * *
The worm bites you but does no damage.
A jackal comes into view.
The jackal barks!
You smack the worm!
The worm is almost dead.
The orc priest hits you but does no damage.
You hit the worm.
You kill the worm!
The orc priest hits you but does no damage.
An adder comes into view.
Casting: Sticks to Snakes
Confirm with . or Enter, or press ? or * to list all spells.
You create a snake!
You now have 8 arrows.
The adder hisses angrily.
You barely miss the jackal.
The jackal bites you but does no damage.
The orc priest hits you but does no damage.
Your ball python bites the orc priest.
Your ball python closely misses the orc priest.
The jackal bites you but does no damage.
You smack the jackal!
You kill the jackal!
The orc priest hits you but does no damage.
Your ball python closely misses the orc priest. x2
A bat and a kobold come into view.
What are your orders? t - Creak!
Orders for allies: a - Attack new target. r - Retreat! s - Stop attacking. g - Guard the area. f - Follow me.
Anything else - Cancel.
Gang up on whom?
Press: ? - help, Dir - move target cursor, f - orc priest
Aim: an orc priest, wielding a trident (lightly wounded) Attack!
The orc priest hits you but does no damage.
Your ball python bites the orc priest but does no damage.
Your ball python grabs the orc priest.
Your ball python constricts the orc priest.
The kobold moves out of view.
You pummel the bat!!
You kill the bat!
Your ball python bites the orc priest.
Your ball python constricts the orc priest.
The orc priest hits you but does no damage.
You closely miss the adder.
Your ball python bites the orc priest.
Your ball python constricts the orc priest.
The adder bites you but does no damage.
The orc priest mumbles some strange prayers to Beogh against you.
Beogh smites you!
You die...

###.$∆ .#..#.
#...... .......
###.......
##..>......
#..........
###o#<.......
#♣S.#....w...
#.S)###..g.....
.....###
#........
......
#........ .....
#........ .###.
....r.... #∆
....[....


You could see an orc priest, an adder and a friendly ball python.

Vanquished Creatures
  Ijyb (D:3)
  A worm (D:3)
  2 dart slugs (D:1)
  A leopard gecko (D:3)
  5 orcs (D:3)
  2 giant cockroaches (D:1)
  A goblin (D:3)
  2 hobgoblins
  A jackal (D:3)
  A quokka (D:3)
  2 bats
  3 kobolds (D:1)
22 creatures vanquished.

Vanquished Creatures (collateral kills)
  An orc (D:3)
1 creature vanquished.

Grand Total: 23 creatures vanquished

Notes
Turn   | Place    | Note
-------+----------+-------------------------------------------
     0 | D:1      | tidbits the Gnoll Transmuter began the quest for the Orb.
     0 | D:1      | Reached XP level 1. HP: 17/17 MP: 6/6
    52 | D:1      | Reached XP level 2. HP: 16/23 MP: 4/7
    60 | D:1      | Learned a level 2 spell: Sticks to Snakes
   145 | D:3      | Noticed Ijyb
   159 | D:3      | Reached XP level 3. HP: 23/28 MP: 3/9
   161 | D:3      | Paralysed by Ijyb for 2 turns
   166 | D:3      | Reached skill level 5 in Spellcasting
   171 | D:3      | Paralysed by Ijyb for 7 turns
   183 | D:3      | Killed Ijyb
   183 | D:3      | Reached skill level 1 in Short Blades
   183 | D:3      | Reached skill level 1 in Long Blades
   183 | D:3      | Reached skill level 1 in Axes
   183 | D:3      | Reached skill level 1 in Maces & Flails
   183 | D:3      | Reached skill level 1 in Polearms
   183 | D:3      | Reached skill level 1 in Staves
   183 | D:3      | Reached skill level 1 in Slings
   183 | D:3      | Reached skill level 1 in Bows
   183 | D:3      | Reached skill level 1 in Crossbows
   183 | D:3      | Reached skill level 1 in Throwing
   183 | D:3      | Reached skill level 1 in Armour
   183 | D:3      | Reached skill level 1 in Stealth
   183 | D:3      | Reached skill level 1 in Shields
   183 | D:3      | Reached skill level 1 in Invocations
   183 | D:3      | Reached skill level 1 in Evocations
   184 | D:3      | Reached XP level 4. HP: 6/34 MP: 1/11
   186 | D:3      | HP: 3/51 [orc priest/trident (4)]
   194 | D:3      | Killed from afar by an orc priest

Skill      XL: |  1  2  3 |
---------------+----------+-----
Spellcasting   | 5 |  5.0
Short Blades   | 1 |  1.0
Long Blades    | 1 |  1.0
Axes           | 1 |  1.0
Maces & Flails | 1 |  1.0
Polearms       | 1 |  1.0
Staves         | 1 |  1.0
Slings         | 1 |  1.0
Bows           | 1 |  1.0
Crossbows      | 1 |  1.0
Throwing       | 1 |  1.0
Armour         | 1 |  1.0
Stealth        | 1 |  1.0
Shields        | 1 |  1.0
Invocations    | 1 |  1.1
Evocations     | 1 |  1.0
Fighting       | |  2.7
Dodging        | |  4.6
Unarmed Combat | |  6.5
Conjurations   | |  0.7
Hexes          | |  0.7
Charms         | |  0.7
Summonings     | |  0.7
Necromancy     | |  0.7
Translocations | |  0.7
Transmutations | |  3.8
Fire Magic     | |  0.7
Ice Magic      | |  0.7
Air Magic      | |  0.7
Earth Magic    | |  0.7
Poison Magic   | |  0.7

Action                   |  1- 3 |  4- 6 || total
-------------------------+-------+-------++-------
Melee: Unarmed           |    47 |     8 ||    55
       Headbutt          |     4 |       ||     4
       Bite              |     5 |       ||     5
       Kick              |     1 |       ||     1
       Punch             |     1 |       ||     1
 Cast: Beastly Appendage |     6 |       ||     6
       Sticks to Snakes  |     3 |     1 ||     4
  Use: Potion            |     1 |       ||     1
Armor: Robe              |     5 |       ||     5
       Skin              |     2 |    10 ||    12
Dodge: Dodged            |    33 |       ||    33

Table legend:
 A = Turns spent in this place as a percentage of turns spent in the entire game.
 B = Non-inter-level travel turns spent in this place as a percentage of non-inter-level travel turns spent in the entire game.
 C = Inter-level travel turns spent in this place as a percentage of turns spent in this place.
 D = Turns resting spent in this place as a percentage of non-inter-level travel turns spent in this place.
 E = Turns spent auto-exploring this place as a percentage of non-inter-level travel turns spent in this place.
 F = Non-inter-level travel turns spent in this place divided by the number of levels of this place that you've seen.
                   A       B       C       D       E      F
               +-------+-------+-------+-------+-------+----------------------
         Total | 100.0 | 100.0 |   0.0 |   0.0 |   0.0 |  64.7
       Dungeon | 100.0 | 100.0 |   0.0 |   0.0 |   0.0 |  64.7
               +-------+-------+-------+-------+-------+----------------------

Table legend:
 A = Kills in this place as a percentage of kills in entire the game.
 B = Kills by you in this place as a percentage of kills by you in the entire game.
 C = Kills by friends in this place as a percentage of kills by friends in the entire game.
 D = Other kills in this place as a percentage of other kills in the entire game.
 E = Experience gained in this place as a percentage of experience gained in the entire game.
 F = Experience gained in this place divided by the number of levels of this place that you have seen.
                   A       B       C       D       E      F
               +-------+-------+-------+-------+-------+----------------------
         Total | 100.0 | 100.0 | 100.0 |   N/A | 100.0 |  31.3
       Dungeon | 100.0 | 100.0 | 100.0 |   N/A | 100.0 |  31.3
               +-------+-------+-------+-------+-------+----------------------

Vault maps used:
D:1:      minmay_arrival_shattered_statue, minmay_pentomino_u4
D:2:      cheibriados_altar_1, grunt_gozag_breadcrumbs,
          nicolae_overflow_crystal_walls, uniq_jessica, uniq_robin
D:3:      tgw_fedhas, first_ration, uniq_ijyb
